[Event "ICC tourney 1953 (60 10)"]
[Site "Internet Chess Club"]
[Date "2020.08.07"]
[Round "1"]
[White "jy2020"]
[Black "Murzin"]
[Result "1-0"]
[ICCResult "Black resigns"]
[WhiteElo "2245"]
[BlackElo "2290"]
[Opening "Sicilian: Najdorf, Opocensky variation"]
[ECO "B92"]
[NIC "SI.10"]
[Time "12:21:09"]
[TimeControl "3600+10"]

1. e4 c5 2. Nf3 d6 3. d4 cxd4 4. Nxd4 Nf6 5. Nc3 a6 6. Be2 e5 7. Nf3 Be7 8.
Bg5 Nbd7 9. a4 h6 10. Be3 O-O 11. O-O b6 12. Nd2 Bb7 13. f3 Qc7 14. Nc4 Rfc8
15. Bf2 Bc6 16. Ne3 Bf8 17. Qd2 Nc5 18. Bh4 Be7 19. Bxf6 Bxf6 20. Ncd5 Qd8
21. Nxf6+ Qxf6 22. Nc4 Rd8 23. Nxb6 Rab8 24. a5 Bb7 25. Bc4 Kh8 26. Rad1 Ne6
27. Bxe6 fxe6 28. c4 g5 29. Qe3 Qg7 30. Rd2 g4 31. fxg4 Rf8 32. Rdf2 Rxf2
33. Rxf2 Rf8 34. Rxf8+ Qxf8 35. Na4 Kg7 36. Nc3 Qd8 37. Qb6 Qe8 38. Qxb7+
{Black resigns}
1-0

[Event "ICC tourney 1953 (60 10)"]
[Site "Internet Chess Club"]
[Date "2020.08.07"]
[Round "1"]
[White "frisco"]
[Black "InfernoKing"]
[Result "1-0"]
[ICCResult "Black checkmated"]
[WhiteElo "2489"]
[BlackElo "2133"]
[Opening "King's Indian: fianchetto, Panno variation"]
[ECO "E63"]
[NIC "KI.70"]
[Time "12:21:13"]
[TimeControl "3600+10"]

1. d4 Nf6 2. Nf3 g6 3. c4 Bg7 4. g3 O-O 5. Bg2 d6 6. O-O Nc6 7. Nc3 a6 8. h3
Rb8 9. e4 b5 10. d5 Na5 11. cxb5 axb5 12. b4 Nc4 13. Nd4 Bd7 14. a4 bxa4 15.
b5 e5 16. Nc6 Bxc6 17. dxc6 Nb6 18. Nxa4 Nxa4 19. Qxa4 Ra8 20. Qxa8 Qxa8 21.
Rxa8 Rxa8 22. Be3 Ne8 23. Rc1 Kf8 24. b6 cxb6 25. c7 Rc8 26. Bxb6 Bh6 27.
Rc2 Ke7 28. Bf1 Nxc7 29. Rxc7+ Rxc7 30. Bxc7 Bd2 31. Bc4 Bb4 32. Bb6 Bc3 33.
Kg2 h5 34. Be3 Bb4 35. f4 Kf6 36. Kf3 Kg7 37. Bb6 Kf6 38. Bd8+ Kg7 39. Bd5
Bc5 40. Be7 f6 41. fxe5 fxe5 42. g4 hxg4+ 43. hxg4 Kh6 44. Kg3 Kg7 45. g5
Bb4 46. Kf3 Bc5 47. Ke2 Bb4 48. Kd3 Bc5 49. Kc4 Be3 50. Kb5 Bd2 51. Kc6 Bc1
52. Kxd6 Kh7 53. Kxe5 Bb2+ 54. Ke6 Bc1 55. e5 Bb2 56. Bf6 Ba1 57. Be4 Bb2
58. Kf7 Bxe5 59. Bxg6# {Black checkmated} 1-0

[Event "ICC tourney 1953 (60 10)"]
[Site "Internet Chess Club"]
[Date "2020.08.07"]
[Round "1"]
[White "TjkTiger"]
[Black "zuz1209"]
[Result "1-0"]
[ICCResult "Black resigns"]
[WhiteElo "2583"]
[BlackElo "2180"]
[Opening "English: Mikenas-Carls, Sicilian variation"]
[ECO "A19"]
[NIC "EO.54"]
[Time "12:21:58"]
[TimeControl "3600+10"]

1. c4 e6 2. Nc3 Nf6 3. e4 c5 4. e5 Ng8 5. Nf3 Nc6 6. d4 cxd4 7. Nxd4 Nxe5 8.
Ndb5 d6 9. c5 dxc5 10. Bf4 a6 11. Bxe5 axb5 12. Qxd8+ Kxd8 13. O-O-O+ Ke7
14. Bd6+ Kf6 15. Bxf8 c4 16. Ba3 Nh6 17. Nxb5 b6 18. Bxc4 Ba6 19. Kb1 Rhc8
20. Be2 Nf5 21. g4 Nh4 22. Rhg1 g5 23. Bb4 Rd8 24. a4 Bb7 25. b3 Be4+ 26.
Kb2 Ng6 27. Nd6 Bd5 28. Bc4 Nf4 29. Bxd5 exd5 30. Nf5 h5 31. Be7+
{Black resigns}
1-0

[Event "ICC tourney 1953 (60 10)"]
[Site "Internet Chess Club"]
[Date "2020.08.07"]
[Round "1"]
[White "NyzhnykIllia"]
[Black "Dking135799"]
[Result "1-0"]
[ICCResult "Black resigns"]
[WhiteElo "2756"]
[BlackElo "2263"]
[Opening "Queen's pawn game"]
[ECO "A46"]
[NIC "QP.05"]
[Time "12:22:00"]
[TimeControl "3600+10"]

1. d4 Nf6 2. Nf3 e6 3. Bf4 d5 4. e3 Bd6 5. c3 O-O 6. Nbd2 c5 7. Bg3 b6 8.
Bd3 Bb7 9. Qb1 h6 10. Ne5 Nc6 11. f4 Nh5 12. Bf2 f5 13. Ndf3 Nf6 14. Bh4 Qe8
15. Bxf6 gxf6 16. Nxc6 Bxc6 17. h3 Qh5 18. g4 Qe8 19. gxf5 exf5 20. Kf2 Kf7
21. Nh4 Ke7 22. Bxf5 Kd8 23. Rg1 Rg8 24. Qd1 Kc7 25. Rxg8 Qxg8 26. Qh5 Qf8
27. Rg1 Be8 28. Bg6 Bc6 29. Nf5 {Black resigns} 1-0

[Event "ICC tourney 1953 (60 10)"]
[Site "Internet Chess Club"]
[Date "2020.08.07"]
[Round "1"]
[White "StayCalm"]
[Black "jsl1996"]
[Result "0-1"]
[ICCResult "White resigns"]
[WhiteElo "2206"]
[BlackElo "2623"]
[Opening "Nimzo-Indian: 4.e3, Botvinnik system"]
[ECO "E49"]
[NIC "NI.08"]
[Time "12:21:28"]
[TimeControl "3600+10"]

1. d4 Nf6 2. c4 e6 3. Nc3 Bb4 4. e3 O-O 5. Bd3 d5 6. a3 Bxc3+ 7. bxc3 dxc4
8. Bxc4 c5 9. Nf3 Qc7 10. Ba2 b5 11. O-O Bb7 12. Ne5 Nc6 13. f4 Ne7 14. Bb1
Rac8 15. Qe1 Be4 16. Ng4 Ned5 17. Nxf6+ Nxf6 18. Bd2 Qc6 19. Bxe4 Nxe4 20.
f5 exf5 21. Rxf5 Rfe8 22. Rc1 Qe6 23. Re5 Qa2 24. Rxe8+ Rxe8 25. Rd1 Qxa3
26. c4 bxc4 27. Bc1 Qb4 28. Qh4 Qb3 29. Rf1 c3 30. dxc5 Nxc5 31. Qd4 Rc8 32.
h3 h6 33. e4 c2 34. e5 Nd3 35. e6 fxe6 36. Qd7 Rf8 37. Rxf8+ Kxf8 38. Qc8+
Kf7 39. Be3 c1=Q+ 40. Bxc1 Qd1+ 41. Kh2 Nxc1 {White resigns} 0-1

[Event "ICC tourney 1953 (60 10)"]
[Site "Internet Chess Club"]
[Date "2020.08.07"]
[Round "1"]
[White "rychessmaster1"]
[Black "kurumania"]
[Result "0-1"]
[ICCResult "White resigns"]
[WhiteElo "2137"]
[BlackElo "2526"]
[Opening "Queen's pawn game"]
[ECO "A45"]
[NIC "QP.07"]
[Time "12:21:26"]
[TimeControl "3600+10"]

1. d4 Nf6 2. Nc3 e6 3. Bf4 Bb4 4. e3 Nd5 5. Ne2 Nxf4 6. Nxf4 d5 7. Bd3 c5 8.
dxc5 Nc6 9. O-O Bxc5 10. Qh5 Qf6 11. Rfd1 g6 12. Qe2 O-O 13. Rac1 Rd8 14. g3
Bb4 15. Na4 e5 16. Ng2 e4 17. Bb5 Ne5 18. a3 Ba5 19. b4 Bc7 20. Qf1 Bh3 21.
Be2 Nf3+ 22. Kh1 Be5 23. c4 d4 24. Nc5 Qc6 25. exd4 Nxd4 26. Kg1 Nf3+ 27.
Kh1 Nd2 28. Qg1 Bb2 29. Rc2 Nf3 30. Qf1 Bxa3 31. Rb1 Nd2 32. Rxd2 Rxd2 33.
Nb3 Ra2 34. Na5 Qf6 35. Nxb7 Rb8 36. Nc5 Rxb4 37. Nxe4 Qe5 38. Bd3 Rxb1 39.
Bxb1 Ra1 40. Nd2 Qb2 41. Qe1 Bb4 42. Nf4 Bd7 {White resigns} 0-1

[Event "ICC tourney 1953 (60 10)"]
[Site "Internet Chess Club"]
[Date "2020.08.07"]
[Round "1"]
[White "sathviks"]
[Black "MasterZachary"]
[Result "1/2-1/2"]
[ICCResult "Game drawn by mutual agreement"]
[WhiteElo "2204"]
[BlackElo "2299"]
[Opening "Ruy Lopez: closed, Averbach variation"]
[ECO "C79"]
[NIC "RL.16"]
[Time "12:21:30"]
[TimeControl "3600+10"]

1. e4 e5 2. Nf3 Nc6 3. Bb5 a6 4. Ba4 d6 5. O-O Nf6 6. Re1 Be7 7. c3 O-O 8.
d3 b5 9. Bc2 Bb7 10. Nbd2 Nb8 11. Nf1 Nbd7 12. Ng3 Re8 13. h3 Bf8 14. Nh2 d5
15. Qf3 c5 16. Ng4 Qb6 17. Nf5 Qe6 18. Bg5 Nxg4 19. Qxg4 dxe4 20. dxe4 c4
21. Rad1 Nc5 22. Be3 Qg6 23. Qh4 Ne6 24. Nd6 Nd4 25. Bxd4
{Game drawn by mutual agreement}
1/2-1/2

[Event "ICC tourney 1953 (60 10)"]
[Site "Internet Chess Club"]
[Date "2020.08.07"]
[Round "1"]
[White "mhebden"]
[Black "vyomvidy"]
[Result "0-1"]
[ICCResult "White resigns"]
[WhiteElo "2338"]
[BlackElo "2251"]
[Opening "QGD Slav: 4.e3 Bf5"]
[ECO "D12"]
[NIC "QP.08"]
[Time "12:21:40"]
[TimeControl "3600+10"]

1. d4 d5 2. Nf3 Nf6 3. c4 c6 4. e3 Bf5 5. cxd5 cxd5 6. Qb3 Qc7 7. Bd2 e6 8.
Bb5+ Nc6 9. O-O Bd6 10. Bb4 O-O 11. Bxc6 Qxc6 12. Ne5 Qb6 13. Bxd6 Qxd6 14.
Nc3 Nd7 15. Nb5 Qe7 16. Rfc1 Nxe5 17. dxe5 Qg5 18. f4 Qg6 19. Nd6 Be4 20. g3
h5 21. Rc7 h4 22. Nxe4 dxe4 23. Kg2 Rad8 24. Qb4 Qg4 25. Re1 Qf3+ 26. Kh3
hxg3 27. hxg3 g5 {White resigns} 0-1

[Event "ICC tourney 1953 (60 10)"]
[Site "Internet Chess Club"]
[Date "2020.08.07"]
[Round "1"]
[White "Oligarkh"]
[Black "woodychess"]
[Result "1-0"]
[ICCResult "Black checkmated"]
[WhiteElo "2635"]
[BlackElo "2202"]
[Opening "Grünfeld: Stockholm variation"]
[ECO "D80"]
[NIC "GI.03"]
[Time "12:21:20"]
[TimeControl "3600+10"]

1. d4 Nf6 2. c4 g6 3. Nc3 d5 4. Bg5 Ne4 5. Bh4 Nxc3 6. bxc3 dxc4 7. e3 Bg7
8. Bxc4 O-O 9. Nf3 c5 10. O-O Nc6 11. Rb1 cxd4 12. cxd4 Na5 13. Bd3 b6 14.
Qe2 Bb7 15. Rfc1 Qd7 16. Bb5 Qd6 17. e4 Rfc8 18. Bg3 Qa3 19. Bc7 e6 20. h4
Qe7 21. Bf4 Rxc1+ 22. Rxc1 a6 23. Bd3 Qd7 24. Rc7 Qd8 25. Ng5 Qxd4 26. Rxf7
h6 27. Rxb7 hxg5 28. Rxg7+ Qxg7 29. Bxg5 b5 30. e5 Rf8 31. h5 Nc4 32. f4
Qa7+ 33. Kh2 Qd4 34. hxg6 Ne3 35. Qh5 Ng4+ 36. Qxg4 Qxd3 37. Qxe6+ Kg7 38.
Qe7+ Kxg6 39. Qxf8 Kh5 40. Qh6+ Kg4 41. Qh4+ Kf5 42. Qh7+ Kg4 43. Qxd3 Kh5
44. Qh7+ Kg4 45. Qh3# {Black checkmated} 1-0

[Event "ICC tourney 1953 (60 10)"]
[Site "Internet Chess Club"]
[Date "2020.08.07"]
[Round "1"]
[White "asintomatico"]
[Black "Rafael"]
[Result "1-0"]
[ICCResult "Black resigns"]
[WhiteElo "2618"]
[BlackElo "2200"]
[Opening "Robatsch (modern) defense"]
[ECO "B06"]
[NIC "KF.06"]
[Time "12:23:40"]
[TimeControl "3600+10"]

1. e4 g6 2. d4 d6 3. Nc3 Bg7 4. Be3 Nf6 5. f3 Nbd7 6. Qd2 c6 7. h4 h5 8. Nh3
b5 9. Ng5 Nb6 10. Be2 Nc4 11. Bxc4 bxc4 12. O-O Rb8 13. Rab1 O-O 14. Qe2 d5
15. Bf4 Rb7 16. e5 Nh7 17. Na4 Nxg5 18. hxg5 f6 19. Nc5 Rb6 20. c3 Bf5 21.
Rbe1 Qb8 22. gxf6 exf6 23. exf6 Qxf4 24. fxg7 Kxg7 25. b4 cxb3 26. axb3 h4
27. Qf2 Rf7 28. Re8 g5 29. Rfe1 Rb8 30. Rxb8 Qxb8 31. Re5 Qh8 32. Qe3 Qh5
33. Ne6+ Kg6 34. c4 dxc4 35. bxc4 Bxe6 36. Rxe6+ Kh7 37. Qe4+ Kg7 38. Rxc6
h3 39. Qe5+ Kh7 40. Rc8 Rg7 41. Qf5+ Rg6 42. Qf7+ {Black resigns} 1-0

[Event "ICC tourney 1953 (60 10)"]
[Site "Internet Chess Club"]
[Date "2020.08.07"]
[Round "1"]
[White "Enamul"]
[Black "FullStep"]
[Result "1-0"]
[ICCResult "Black resigns"]
[WhiteElo "2489"]
[BlackElo "2122"]
[Opening "French: Winawer, advance variation"]
[ECO "C16"]
[NIC "FR.09"]
[Time "12:21:13"]
[TimeControl "3600+10"]

1. e4 e6 2. d4 d5 3. Nc3 Bb4 4. e5 b6 5. a3 Bf8 6. b4 c5 7. Rb1 cxd4 8. Nb5
Nc6 9. Nf3 a6 10. Nbxd4 Nxd4 11. Qxd4 Ne7 12. Bd3 Nc6 13. Qg4 Qc7 14. Bf4 a5
15. O-O axb4 16. axb4 h5 17. Qg3 Nxb4 18. Rxb4 Bxb4 19. Qxg7 Rf8 20. Ng5 Ra7
21. Nh7 f5 22. Bb5+ Bd7 23. Qg6+ Kd8 24. Nxf8 Bxf8 25. Qf6+ Ke8 26. Qxe6+
{Black resigns}
1-0

[Event "ICC tourney 1953 (60 10)"]
[Site "Internet Chess Club"]
[Date "2020.08.07"]
[Round "1"]
[White "AlexW2007"]
[Black "Sparta250"]
[Result "0-1"]
[ICCResult "White resigns"]
[WhiteElo "2247"]
[BlackElo "2726"]
[Opening "Queen's pawn game, Darooha variation "]
[ECO "D02"]
[NIC "QP.06"]
[Time "12:21:53"]
[TimeControl "3600+10"]

1. d4 Nf6 2. Nf3 d5 3. g3 Bf5 4. Bg2 e6 5. O-O c6 6. c4 Nbd7 7. Nbd2 h6 8.
b3 Be7 9. Bb2 O-O 10. Ne5 a5 11. a3 Qb6 12. Nxd7 Nxd7 13. e4 dxe4 14. Nxe4
Rfd8 15. Re1 Nf6 16. Qc2 Rd7 17. Rad1 Rad8 18. c5 Qc7 19. Nxf6+ Bxf6 20. Qc4
b5 21. cxb6 Qxb6 22. b4 axb4 23. axb4 Bxd4 24. Bxd4 Rxd4 25. Rxd4 Rxd4 26.
Qxc6 Qxb4 27. Rc1 Kh7 28. Qc7 Rd2 29. h3 Rxf2 30. Kxf2 Qd4+ 31. Ke2 Bd3+ 32.
Kf3 Be4+ 33. Ke2 Qd3+ 34. Kf2 Qd2+ 35. Kf1 Bxg2+ 36. Kg1 Be4 {White resigns}
0-1

[Event "ICC tourney 1953 (60 10)"]
[Site "Internet Chess Club"]
[Date "2020.08.07"]
[Round "1"]
[White "phoenix10q72"]
[Black "josechess99"]
[Result "0-1"]
[ICCResult "White resigns"]
[WhiteElo "2266"]
[BlackElo "2669"]
[Opening "Bishop's opening: Berlin defense"]
[ECO "C24"]
[NIC "IG.04"]
[Time "12:22:00"]
[TimeControl "3600+10"]

1. e4 e5 2. Bc4 Nf6 3. d3 c6 4. Nf3 Be7 5. O-O d6 6. a4 O-O 7. Nbd2 Nbd7 8.
Re1 h6 9. Nf1 Re8 10. Ng3 Bf8 11. c3 a5 12. Bb3 Nc5 13. Bc2 Be6 14. d4 Ncd7
15. h3 g6 16. Nh2 d5 17. dxe5 Nxe4 18. Nxe4 dxe4 19. Rxe4 Bd5 20. Rd4 Nxe5
21. Bf4 Qf6 22. Bxe5 Qxe5 23. Ng4 Qg5 24. c4 Be6 25. Qf3 Bg7 26. Rf4 f5 27.
Ne3 Be5 28. g3 Bxf4 29. Qxf4 Qxf4 30. gxf4 Rad8 31. Kg2 Rd2 32. Rc1 Kg7 33.
Kf3 Kf6 34. b3 g5 35. fxg5+ hxg5 36. Bb1 f4 37. Ng4+ Bxg4+ 38. hxg4 Ree2 39.
Rf1 Rb2 40. Bf5 Re7 41. Rd1 Rxb3+ 42. Kg2 Re2 43. Rd6+ Kf7 44. Rd7+ Re7 45.
Rd6 Rb4 46. Bc2 Re5 47. Rd7+ Ke8 48. Rg7 Rc5 49. Bf5 Rxa4 50. Rxg5 Raxc4 51.
Rg8+ Kf7 52. Rb8 b5 53. Rb7+ Kf6 54. Rh7 Rxf5 55. gxf5 Kxf5 56. Kf3 a4
{White resigns}
0-1

[Event "ICC tourney 1953 (60 10)"]
[Site "Internet Chess Club"]
[Date "2020.08.07"]
[Round "1"]
[White "Aleksandrov73"]
[Black "AZTAC"]
[Result "1-0"]
[ICCResult "Black resigns"]
[WhiteElo "2708"]
[BlackElo "2238"]
[Opening "King's Indian: Makagonov system (5.h3)"]
[ECO "E71"]
[NIC "KI.30"]
[Time "12:21:37"]
[TimeControl "3600+10"]

1. d4 Nf6 2. c4 g6 3. Nc3 Bg7 4. e4 d6 5. h3 O-O 6. Be3 e5 7. d5 Ne8 8. g4
f5 9. gxf5 gxf5 10. exf5 Bxf5 11. Nge2 Qh4 12. Ng3 Bg6 13. Qg4 Qxg4 14. hxg4
Na6 15. O-O-O Nb4 16. Nf5 Bxf5 17. gxf5 e4 18. Nxe4 Nxa2+ 19. Kb1 Nb4 20.
Ng5 Nf6 21. Be2 c6 22. Ne6 Rf7 23. Bd4 Ne8 24. Rdg1 Kh8 25. Bh5 Bxd4 26.
Bxf7 {Black resigns} 1-0

[Event "ICC tourney 1953 (60 10)"]
[Site "Internet Chess Club"]
[Date "2020.08.07"]
[Round "1"]
[White "RajeshCS"]
[Black "Plato"]
[Result "1/2-1/2"]
[ICCResult "Game drawn by repetition"]
[WhiteElo "2272"]
[BlackElo "2137"]
[Opening "Réti: King's Indian attack (Barcza system)"]
[ECO "A07"]
[NIC "QP.09"]
[Time "12:21:41"]
[TimeControl "3600+10"]

1. Nf3 d5 2. g3 Nf6 3. Bg2 e6 4. O-O Be7 5. d3 c5 6. Nbd2 Nc6 7. e4 O-O 8.
e5 Nd7 9. Re1 b5 10. Nf1 a5 11. h4 a4 12. a3 b4 13. N1h2 bxa3 14. bxa3 Qc7
15. Bf4 Na7 16. c4 dxc4 17. dxc4 Nc6 18. Qc2 Rd8 19. Ng4 Bb7 20. Rab1 Rdb8
21. Red1 Nd4 22. Nxd4 cxd4 23. Bxb7 Rxb7 24. Nf6+ Bxf6 25. exf6 e5 26. Rxb7
Qxb7 27. Rb1 Qc6 28. Bg5 Nxf6 29. Bxf6 Qxf6 30. c5 Qg6 31. Qc1 h5 32. Rb6
Qg4 33. c6 Rc8 34. c7 e4 35. Rb8 e3 36. Rxc8+ Qxc8 37. fxe3 d3 38. Kf2 d2
39. Qxd2 Qxc7 40. Qd1 Qc4 41. Qd6 g6 42. Qd8+ Kh7 43. Qe7 Kg8 44. Qd8+ Kh7
45. Qd6 Kg8 46. Kf3 Qg4+ 47. Kf2 Qc4 {Game drawn by repetition} 1/2-1/2

[Event "ICC tourney 1953 (60 10)"]
[Site "Internet Chess Club"]
[Date "2020.08.07"]
[Round "1"]
[White "Kobalia"]
[Black "joebobpop"]
[Result "1-0"]
[ICCResult "Black resigns"]
[WhiteElo "2662"]
[BlackElo "2260"]
[Opening "Ruy Lopez: 5.O-O"]
[ECO "C78"]
[NIC "RL.12"]
[Time "12:21:15"]
[TimeControl "3600+10"]

1. e4 e5 2. Nf3 Nc6 3. Bb5 a6 4. Ba4 Nf6 5. O-O b5 6. Bb3 Bc5 7. c3 d6 8. d4
Bb6 9. Be3 O-O 10. Nbd2 h6 11. h3 Rb8 12. Re1 Bb7 13. a3 Na5 14. Bc2 Re8 15.
b4 exd4 16. cxd4 Nc4 17. Nxc4 bxc4 18. d5 c6 19. Ba4 Qc7 20. Bxb6 Qxb6 21.
Qd4 Qxd4 22. Nxd4 Rxe4 23. Rxe4 Nxe4 24. dxc6 Ba8 25. Re1 d5 26. Nf5 Kf8 27.
f3 g6 28. fxe4 gxf5 29. exd5 Rc8 30. Kf2 Kg7 31. Rc1 Kf6 32. d6 Bxc6 33.
Rxc4 {Black resigns} 1-0

[Event "ICC tourney 1953 (60 10)"]
[Site "Internet Chess Club"]
[Date "2020.08.07"]
[Round "1"]
[White "Segev"]
[Black "rhungaski"]
[Result "0-1"]
[ICCResult "White resigns"]
[WhiteElo "2181"]
[BlackElo "2593"]
[Opening "QGA: 3.e4"]
[ECO "D20"]
[NIC "QG.04"]
[Time "12:24:41"]
[TimeControl "3600+10"]

1. d4 d5 2. c4 dxc4 3. e4 Nc6 4. Nf3 Bg4 5. Bxc4 Bxf3 6. Qxf3 e6 7. d5 Ne5
8. Bb5+ c6 9. Qc3 cxb5 10. Qxe5 Rc8 11. O-O Qf6 12. Qh5 Bc5 13. Be3 Bxe3 14.
fxe3 Qg6 15. Qe2 a6 16. d6 Nf6 17. e5 Nd7 18. Qf3 Rc6 19. a4 Nxe5 20. Qf4
Rc2 21. g3 Qh5 22. g4 Qh3 23. Qg3 Nf3+ {White resigns} 0-1

[Event "ICC tourney 1953 (60 10)"]
[Site "Internet Chess Club"]
[Date "2020.08.07"]
[Round "1"]
[White "nicochasin"]
[Black "PrudentPatzer"]
[Result "1-0"]
[ICCResult "Black resigns"]
[WhiteElo "2398"]
[BlackElo "2080"]
[Opening "Giuoco Piano: Bird's attack"]
[ECO "C54"]
[NIC "IG.02"]
[Time "12:21:43"]
[TimeControl "3600+10"]

1. e4 e5 2. Nf3 Nc6 3. Bc4 Bc5 4. c3 Nf6 5. b4 Be7 6. d3 d5 7. exd5 Nxd5 8.
O-O O-O 9. Re1 Be6 10. b5 Na5 11. Nxe5 Nxc4 12. Nxc4 Bf6 13. Qd2 a6 14. bxa6
Rxa6 15. Ne5 b5 16. d4 c5 17. Qb2 b4 18. dxc5 Nxc3 19. Nxc3 bxc3 20. Qxc3
Rxa2 21. Rxa2 Bxa2 22. Bb2 Re8 23. h3 Qc7 24. Nd3 Rc8 25. Qa3 Bxb2 26. Qxa2
Bd4 27. Qd5 Rd8 28. Qxd4 h6 29. Qc4 Qa5 30. c6 Rxd3 31. Re8+ {Black resigns}
1-0

[Event "ICC tourney 1953 (60 10)"]
[Site "Internet Chess Club"]
[Date "2020.08.07"]
[Round "1"]
[White "Kalmyk"]
[Black "chessmagic22"]
[Result "1-0"]
[ICCResult "Black resigns"]
[WhiteElo "2667"]
[BlackElo "2249"]
[Opening "Sicilian: accelerated fianchetto, Maróczy bind, 6.Be3"]
[ECO "B38"]
[NIC "SI.33"]
[Time "12:21:37"]
[TimeControl "3600+10"]

1. e4 c5 2. Nf3 Nc6 3. d4 cxd4 4. Nxd4 g6 5. c4 Bg7 6. Be3 Nf6 7. Nc3 d6 8.
Be2 O-O 9. O-O Nxd4 10. Bxd4 Bd7 11. Qd3 Bc6 12. Rad1 Nd7 13. Bxg7 Kxg7 14.
b4 Ne5 15. Qe3 f6 16. c5 Nf7 17. Bc4 Qe8 18. f4 dxc5 19. bxc5 e6 20. e5 f5
21. Ne2 Qe7 22. Rd6 Nxd6 23. exd6 Qf6 24. Nd4 Rfe8 25. Re1 Be4 26. g4 h6 27.
d7 Re7 28. Bxe6 Rxe6 29. g5 hxg5 30. fxg5 Qe5 31. Nxe6+ Qxe6 32. Qd4+ Kh7
33. Re3 f4 34. Rxe4 Qg4+ 35. Kf1 Qh3+ 36. Ke1 Qh4+ 37. Kd1 Qxg5 38. Re8 Qg4+
39. Kc1 {Black resigns} 1-0

[Event "ICC tourney 1953 (60 10)"]
[Site "Internet Chess Club"]
[Date "2020.08.07"]
[Round "1"]
[White "ozmin"]
[Black "LW-PE"]
[Result "1-0"]
[ICCResult "Black resigns"]
[WhiteElo "2264"]
[BlackElo "1620"]
[Opening "King's Indian: Makagonov system (5.h3)"]
[ECO "E71"]
[NIC "KI.30"]
[Time "12:22:00"]
[TimeControl "3600+10"]

1. c4 Nf6 2. Nc3 g6 3. d4 Bg7 4. e4 d6 5. h3 O-O 6. Bg5 h6 7. Be3 c6 8. Qd2
Kh7 9. g4 Ng8 10. Bd3 a6 11. Nge2 b5 12. f3 Bd7 13. h4 b4 14. Nd1 a5 15. Nf2
Na6 16. f4 e5 17. h5 Be8 18. hxg6+ fxg6 19. dxe5 Nc5 20. Bc2 b3 21. axb3 Nb7
22. exd6 Rf6 23. e5 Re6 24. Nd4 {Black resigns} 1-0

[Event "ICC tourney 1953 (60 10)"]
[Site "Internet Chess Club"]
[Date "2020.08.07"]
[Round "1"]
[White "jasonm04"]
[Black "GolddenPig"]
[Result "1-0"]
[ICCResult "Black resigns"]
[WhiteElo "2264"]
[BlackElo "1825"]
[Opening "Grünfeld: exchange variation"]
[ECO "D85"]
[NIC "GI.04"]
[Time "12:21:10"]
[TimeControl "3600+10"]

1. d4 Nf6 2. c4 g6 3. Nc3 d5 4. cxd5 Nxd5 5. e4 Nxc3 6. bxc3 Bg7 7. Bg5 O-O
8. Nf3 c5 9. Rc1 Nc6 10. d5 Ne5 11. Nxe5 Bxe5 12. Be2 Bg7 13. O-O Qc7 14. f4
b6 15. e5 Bf5 16. Bf3 h6 17. d6 exd6 18. exd6 Qd7 19. Be7 Rfe8 20. g4 Be6
21. Bxa8 Rxa8 22. f5 Bc4 23. Qf3 Rc8 24. Rf2 g5 25. h4 f6 26. hxg5 hxg5 27.
Qh3 Re8 28. Re1 Bxa2 29. Rh2 Bd5 30. Qh7+ Kf7 31. Qg6+ Kg8 32. Rh7
{Black resigns}
1-0

[Event "ICC tourney 1953 (60 10)"]
[Site "Internet Chess Club"]
[Date "2020.08.07"]
[Round "1"]
[White "JasonModer"]
[Black "pyaru536"]
[Result "1-0"]
[ICCResult "Black checkmated"]
[WhiteElo "2427"]
[BlackElo "2124"]
[Opening "QGD: exchange, positional line, 5...c6"]
[ECO "D35"]
[NIC "QO.16"]
[Time "12:21:08"]
[TimeControl "3600+10"]

1. d4 d5 2. c4 e6 3. Nc3 Nf6 4. cxd5 exd5 5. Bg5 c6 6. e3 Be7 7. Qc2 Nbd7 8.
Bd3 Nf8 9. Nf3 Ne6 10. Bh4 g6 11. O-O O-O 12. Rab1 a5 13. a3 Ng7 14. b4 axb4
15. axb4 b5 16. Ne5 Bb7 17. Ra1 Nge8 18. Rxa8 Bxa8 19. Ne2 Qc7 20. Nf4 Bd6
21. Bg3 Nd7 22. Nxd5 Qb7 23. Nxd7 Qxd7 24. Nb6 Qd8 25. Nxa8 Qxa8 26. Rc1
Bxb4 27. Qxc6 Ng7 28. Qxa8 Rxa8 29. Bxb5 Nf5 30. Be5 Bd6 31. Bf6 Be7 32.
Bxe7 Nxe7 33. e4 Rb8 34. Bd3 Rb3 35. Bc4 Rb2 36. d5 Rd2 37. Kf1 Rd4 38. f3
Nc8 39. Ke2 Nd6 40. Bd3 f6 41. Rc6 Nf7 42. Ke3 Ra4 43. Rxf6 Kg7 44. Ra6 Rb4
45. f4 Rb2 46. e5 Rxg2 47. d6 Rxh2 48. Ra7 Kf8 49. Ra8+ Kg7 50. d7 g5 51. e6
gxf4+ 52. Kd4 Ng5 53. Rg8+ Kh6 54. Rxg5 Kxg5 55. d8=Q+ Kg4 56. e7 f3 57.
e8=Q Kg3 58. Qg5+ Kf2 59. Qee3# {Black checkmated} 1-0

[Event "ICC tourney 1953 (60 10)"]
[Site "Internet Chess Club"]
[Date "2020.08.07"]
[Round "1"]
[White "CaptK"]
[Black "Aryangambit"]
[Result "1-0"]
[ICCResult "Black resigns"]
[WhiteElo "2314"]
[BlackElo "2073"]
[Opening "King's Indian: fianchetto, Panno variation"]
[ECO "E63"]
[NIC "KI.71"]
[Time "12:21:09"]
[TimeControl "3600+10"]

1. d4 Nf6 2. c4 g6 3. g3 Bg7 4. Bg2 O-O 5. Nc3 d6 6. Nf3 Nc6 7. O-O a6 8.
Bf4 Nd7 9. Rc1 e5 10. dxe5 Ndxe5 11. b3 Re8 12. Re1 Rb8 13. Nxe5 dxe5 14.
Qxd8 Rxd8 15. Bg5 f6 16. Bxc6 bxc6 17. Be3 Bf8 18. Red1 Be6 19. Na4 Kf7 20.
Bd2 Ba3 21. Ra1 Rd4 22. Bc3 c5 23. Bxd4 cxd4 24. c5 Bd7 25. e3 Bxa4 26. bxa4
Bxc5 27. Rac1 Bb6 28. exd4 exd4 29. a5 Bxa5 30. Rxd4 Rb2 31. Ra4 Bb6 32.
Rxa6 Bxf2+ 33. Kh1 Bb6 34. a4 Ra2 35. Rb1 Ke6 36. Rb5 Kd7 37. a5 Kc8 38.
Ra8+ Kb7 39. Rf8 Rxa5 40. Rxa5 Bxa5 41. Rxf6 Bc3 42. Re6 Kc8 43. Re7 h6 44.
Kg2 Kd8 45. Rh7 Bd2 46. Kf3 c5 47. Ke2 Bc1 48. Kd3 Ke8 49. Rg7 g5 50. g4 Bf4
51. h3 Be5 52. Rh7 Bf6 53. Kc4 Kf8 54. Rc7 Be7 55. Kd5 Kf7 56. Rc6 Kg7 57.
Ke6 Bf8 58. Rc8 c4 59. Kf5 Be7 60. Rxc4 Bf8 61. Rc7+ Kh8 62. Kg6 Kg8 63. Rc8
{Black resigns}
1-0

[Event "ICC tourney 1953 (60 10)"]
[Site "Internet Chess Club"]
[Date "2020.08.07"]
[Round "1"]
[White "erickzhao"]
[Black "Falstaf"]
[Result "0-1"]
[ICCResult "White resigns"]
[WhiteElo "2270"]
[BlackElo "2685"]
[Opening "Sicilian"]
[ECO "B56"]
[NIC "SI.25"]
[Time "12:21:09"]
[TimeControl "3600+10"]

1. e4 c5 2. Nf3 d6 3. d4 cxd4 4. Nxd4 Nf6 5. Nc3 Nc6 6. Be3 Ng4 7. Bb5 Nxe3
8. Nxc6 Nxd1 9. Nxd8+ Kxd8 10. Rxd1 e6 11. Bc4 a6 12. a4 Bd7 13. f4 Rc8 14.
Bb3 Be7 15. O-O Rc5 16. e5 dxe5 17. fxe5 Ke8 18. Rfe1 h5 19. Re2 h4 20. Rde1
Rh5 21. Nb1 Bd8 22. Nd2 Bb6 23. Kh1 Bc7 24. Nf3 h3 25. Nd4 Rcxe5 26. gxh3
Rxe2 27. Rxe2 Rxh3 28. Bd5 Bb6 29. Nf3 Bc8 30. Ne5 Bc7 31. Nd3 Kf8 32. Be4
f5 33. Rf2 Rh4 34. Bf3 Rxa4 35. Nc5 Ra1+ 36. Kg2 Bb6 37. Rd2 Bxc5 38. Rd8+
Ke7 39. Rxc8 Rg1+ 40. Kh3 b6 41. Bb7 g5 42. Bxa6 Bf2 {White resigns} 0-1